 Dungeon Crawl Stone Soup version 0.21-a0-504-g2eda330 (webtiles) character file.

249824 Manul the Sensei (level 19, -8/146 HPs)
             Began as a Demonspawn Monk on Nov 4, 2017.
             Was an Initiate of Gozag.
             Mangled by a merfolk
             ... wielding a +0 halberd
              (19 damage)
             ... on level 3 of the Shoals on Nov 25, 2017.
             The game lasted 02:20:30 (53932 turns).

Manul the Sensei (Demonspawn Monk)                 Turns: 53932, Time: 02:20:31

Health: -8/146     AC: 14    Str: 24    XL:     19   Next: 28%
Magic:  0/32       EV: 17    Int: 17    God:    Gozag
Gold:   2347       SH:  0    Dex: 34    Spells: 11/37 levels left

rFire    . . .     SeeInvis +     - Unarmed
rCold    + + +     Gourm    .   (no shield)
rNeg     + + +     Faith    .   y - +4 robe of Augmentation {Str+4 Int+4 Dex+4}
rPois    .         Spirit   +   M - +0 mask of the Dragon {MR+ Slay+3 SInv}
rElec    .         Reflect  .   I - scarf of Inference {rC+ rN+ Dex+4}
rCorr    .         Harm     .   J - +0 pair of gloves {Str+3}
MR       +++++     Clarity  +   (no boots)
Stlth    +++.......             c - amulet of the Four Winds {rN+ MR+++ Clar}
HPRegen  0.34/turn              K - +4 ring of strength
MPRegen  0.46/turn              w - +5 ring of slaying

@: agile, very slightly contaminated, held, studying Fire Magic, invisible, very
slow
A: horns 1, talons 2, iridescent scales 3, cold resistance 2, negative energy
resistance 1, screaming 1, 50% torment resistance, wild magic 1, evolution 1,
magic shield, magic regeneration, MP-powered wands
}: 1/15 runes: serpentine
a: Potion Petition, Call Merchant, Bribe Branch, Renounce Religion


You were on level 3 of the Shoals.
You worshipped Gozag.
Gozag was most pleased with you.
You were not hungry.

You visited 7 branches of the dungeon, and saw 34 of its levels.
You also visited: Labyrinth and Ice Cave.

You collected 13617 gold pieces.
You spent 5029 gold pieces at shops.
You paid 6241 gold pieces to Gozag.

Inventory:

Hand Weapons
 S - the +0 sword of Power
   (You found it in a labyrinth)
 X - the +9 dagger of Cheese {freeze, MR+ Dex+3, unknown}
   (You took it off a deep elf mage on level 3 of the Elven Halls)

   It has been specially enchanted to freeze those struck by it, causing extra
   injury to most foes and up to half again as much damage against particularly
   susceptible opponents.
   It can also slow down cold-blooded creatures.
   It affects your dexterity (+3).
   It affects your resistance to hostile enchantments.
Armour
 t - a +2 cloak of magic resistance
 y - the +4 robe of Augmentation (worn) {Str+4 Int+4 Dex+4}
   (You bought it in a shop on level 8 of the Dungeon)

   It affects your strength (+4).
   It affects your intelligence (+4).
   It affects your dexterity (+4).
 I - the scarf of Inference (worn) {rC+ rN+ Dex+4}
   (You bought it in a shop on level 15 of the Dungeon)

   It affects your dexterity (+4).
   It protects you from cold.
   It protects you from negative energy.
 J - a +0 pair of gloves of strength (worn)
 M - the +0 mask of the Dragon (worn) {MR+ Slay+3 SInv}
   (You acquired it on level 9 of the Dungeon)

   It affects your accuracy and damage with ranged weapons and melee attacks
   (+3).
   It affects your resistance to hostile enchantments.
   It lets you see invisible.
Jewellery
 c - the amulet of the Four Winds (around neck) {rN+ MR+++ Clar}
   (You bought it in a shop on level 3 of the Shoals)

   [amulet of nothing]

   It protects you from negative energy.
   It affects your resistance to hostile enchantments.
   It protects you against confusion.
 p - an uncursed ring of positive energy
 u - a +3 ring of strength
 w - a +5 ring of slaying (right hand)
 x - the amulet "Usudueh" {Reflect rF++ MR+ Slay+2 SH+5}
   (You bought it in a shop on level 13 of the Dungeon)

   [amulet of reflection]

   It shields you and reflects attacks.
   It affects your accuracy and damage with ranged weapons and melee attacks
   (+2).
   It greatly protects you from fire.
   It affects your resistance to hostile enchantments.
   It affects your SH (+5).
 B - an uncursed ring of positive energy
 K - a +4 ring of strength (left hand)
 N - an uncursed amulet of harm {unknown}
Wands
 h - a wand of enslavement (10)
 l - a wand of digging (8)
 q - a wand of disintegration (5)
 v - a wand of digging (13)
 T - a wand of scattershot (4)
Scrolls
 e - 9 scrolls of amnesia
 f - 4 scrolls of magic mapping
 m - 12 scrolls of remove curse
 o - 3 scrolls of identify
 r - 2 scrolls of silence
 s - 2 scrolls of removedness
 Q - a scroll of fog
Potions
 a - 5 potions of cancellation
 b - 4 potions of agility
 i - 4 potions of brilliance
 j - 8 potions of curing
 A - 4 potions of flight
 G - a potion of heal wounds
 W - a potion of haste
Books
 g - the Incunabulum of Freezing Envenoming
   (You found it on level 3 of the Elven Halls)

   Spells                             Type                      Level
   a - Sting                          Conjuration/Poison           1
   b - Olgreb's Toxic Radiance        Poison                       4
   c - Venom Bolt                     Conjuration/Poison           5
   d - Metabolic Englaciation         Hexes/Ice                    5
   e - Alistair's Intoxication        Transmutation/Poison         5
 k - a book of Party Tricks

   Spells                             Type                      Level
   a - Summon Butterflies             Summoning                    1
   b - Apportation                    Translocation                1
   c - Lesser Beckoning               Translocation                3
   d - Tukima's Dance                 Hexes                        3
   e - Alistair's Intoxication        Transmutation/Poison         5
   f - Invisibility                   Hexes                        6
 n - a book of Battle

   Spells                             Type                      Level
   a - Infusion                       Charms                       1
   b - Shroud of Golubria             Charms/Translocation         2
   c - Song of Slaying                Charms                       2
   d - Spectral Weapon                Hexes/Charms                 3
   e - Regeneration                   Charms/Necromancy            3
 D - the Disquisition on Virous Feathers
   (You found it on level 8 of the Dungeon)

   Spells                             Type                      Level
   a - Sting                          Conjuration/Poison           1
   b - Ignite Poison                  Fire/Transmutation/Poison    3
   c - Spider Form                    Transmutation/Poison         3
   d - Silence                        Hexes/Air                    5
   e - Conjure Ball Lightning         Conjuration/Air              6
 E - a book of Cantrips

   Spells                             Type                      Level
   a - Confusing Touch                Hexes                        1
   b - Animate Skeleton               Necromancy                   1
   c - Summon Small Mammal            Summoning                    1
   d - Apportation                    Translocation                1
 F - a book of Maledictions

   Spells                             Type                      Level
   a - Corona                         Hexes                        1
   b - Ensorcelled Hibernation        Hexes/Ice                    2
   c - Confuse                        Hexes                        3
   d - Tukima's Dance                 Hexes                        3
   e - Dazzling Spray                 Conjuration/Hexes            3
 H - a book of Unlife

   Spells                             Type                      Level
   a - Recall                         Summoning/Translocation      3
   b - Animate Dead                   Necromancy                   4
   c - Control Undead                 Necromancy                   4
   d - Cigotuvi's Embrace             Necromancy                   5
   e - Death Channel                  Necromancy                   6
   f - Simulacrum                     Ice/Necromancy               6
 O - a book of Geomancy

   Spells                             Type                      Level
   a - Sandblast                      Earth                        1
   b - Passwall                       Transmutation/Earth          2
   c - Stone Arrow                    Conjuration/Earth            3
   d - Petrify                        Transmutation/Earth          4
   e - Lee's Rapid Deconstruction     Earth                        5
 P - a book of Conjurations

   Spells                             Type                      Level
   a - Magic Dart                     Conjuration                  1
   b - Searing Ray                    Conjuration                  2
   c - Dazzling Spray                 Conjuration/Hexes            3
   d - Fulminant Prism                Conjuration/Hexes            4
   e - Force Lance                    Conjuration/Translocation    4
   f - Iskenderun's Mystic Blast      Conjuration                  4
 R - a manual of Fire Magic
 Y - a book of Air

   Spells                             Type                      Level
   a - Shock                          Conjuration/Air              1
   b - Swiftness                      Charms/Air                   2
   c - Static Discharge               Conjuration/Air              3
   d - Airstrike                      Air                          4
   e - Lightning Bolt                 Conjuration/Air              5
 Z - a book of Necromancy

   Spells                             Type                      Level
   a - Pain                           Necromancy                   1
   b - Animate Skeleton               Necromancy                   1
   c - Vampiric Draining              Necromancy                   3
   d - Regeneration                   Charms/Necromancy            3
   e - Animate Dead                   Necromancy                   4
   f - Control Undead                 Necromancy                   4
Miscellaneous
 d - a phial of floods
Comestibles
 z - 42 fruits
 C - a bread ration
 U - 8 royal jellies
 V - a meat ration


   Skills:
 * Level 11.8 Fighting
 - Level 0.2 Long Blades
 - Level 2.3 Throwing
 + Level 9.7 Armour
 + Level 12.3 Dodging
 - Level 3.3 Stealth
 + Level 21.0 Unarmed Combat
 + Level 9.9 Spellcasting
 + Level 0.3 Conjurations
 - Level 11.8 Hexes
 + Level 0.5 Charms
 - Level 5.1 Evocations


You had 11 spell levels left.
You knew the following spells:

 Your Spells              Type           Power        Failure   Level  Hunger
a - Confusing Touch       Hex            ######       1%          1    None
b - Confuse               Hex            ######..     1%          3    None
c - Tukima's Dance        Hex            ######..     1%          3    None
d - Silence               Hex/Air        #####.....   30%         5    #####..
e - Lesser Beckoning      Tloc           ##........   34%         3    None
f - Apportation           Tloc           ##....       13%         1    None
g - Invisibility          Hex            ######..     14%         6    ######.
h - Dazzling Spray        Conj/Hex       #####.       3%          3    None
j - Infusion              Chrm           ##..         11%         1    None


Dungeon Overview and Level Annotations

Branches:
Dungeon (15/15)            Temple (1/1) D:4            Lair (6/6) D:8
 Shoals (3/4) Lair:3        Snake (4/4) Lair:3        Slime (0/5) Lair:5
    Orc (2/2) D:10            Elf (3/3) Orc:2        Vaults (0/5) D:13
 Depths (0/5) D:15

Altars:
Ashenzari
Cheibriados
Dithmenos
Elyvilon
Gozag
Kikubaaqudgha
Makhleb
Nemelex Xobeh
Okawaru
Qazlal
Ru
Uskayaw
Vehumet
Wu Jian
Zin
The Shining One
Jiyva

Shops:
D:8 [   D:9 *   D:10 %   D:13 =   D:15 [   Orc:2 :*[(!   Elf:2 !:   Elf:3 %
Shoals:3 =   Snake:3 ?

Portals:
Trove: D:14 (give +4 demon trident)

Annotations:
D:9 exclusion: statue
D:12 Frances
Snake:4 exclusion: Roxanne, Roxanne
Elf:2 2 runed doors
Elf:3 Asterion


Innate Abilities, Weirdness & Mutations

You have razor-sharp toenails.
You are completely covered in iridescent scales. (AC +6)
Your flesh is very cold resistant. (rC++)
You resist negative energy. (rN+)
You are somewhat able to resist unholy torments (1 in 2 success).
When hurt, damage is shared between your health and your magic reserves.
You regenerate magic rapidly.
You have a pair of small horns on your head.
You occasionally shout uncontrollably at your foes.
Your spells are a little harder to cast, but a little more powerful.
You evolve.
You expend magic power (3 MP) to strengthen your wands.


Message History

Forget which spell ([?*] list [ESC] exit)?
Forget which spell ([?*] list [ESC] exit)?
As you read the scroll of amnesia, it crumbles to dust.
Your memory of Metabolic Englaciation unravels.
The merfolk impaler hits you with a trident!
* * * LOW HITPOINT WARNING * * *
The water nymph casts a spell at you. The water swirls and strikes you!
* * * LOW HITPOINT WARNING * * *
The manticore misses you.
The manticore claws you but does no damage. x2
The merfolk throws a tomahawk.
The tomahawk hits you.
* * * LOW HITPOINT WARNING * * *
You hear a splash.
The merfolk throws a tomahawk of returning.
The tomahawk of returning hits the water nymph!
The weapon returns to the merfolk!
The merfolk hits you from afar with a halberd!!
You die...
Your body crumbles into a pile of gold.

≈..##.≈≈≈≈≈P≈≈.......≈≈
≈..#...≈≈≈P≈≈≈..m.≈≈≈..≈
P≈≈≈...≈≈≈≈≈≈≈.#..≈≈≈...
≈PPP..PP≈≈≈≈≈≈...≈≈≈≈≈..
≈≈PP≈.≈≈≈$.≈≈≈≈...≈≈≈...
.P≈P≈.≈≈≈≈..≈...≈≈≈≈≈..#
P≈≈≈≈≈≈≈≈$P.≈≈.≈≈≈≈≈≈..#
P≈≈≈≈≈P≈≈≈≈≈≈≈(.mmm≈≈≈..
P≈≈≈≈≈≈≈≈≈≈≈≈≈.≈@≈m≈≈≈..
P≈≈≈≈≈≈≈≈≈≈≈≈..!≈H≈≈≈≈..
≈≈≈≈≈≈≈≈≈≈≈≈≈≈.≈≈≈≈≈≈m≈.
PP≈≈≈≈≈≈≈≈≈≈≈≈≈≈≈≈..≈≈≈.
≈≈≈≈≈≈≈≈≈≈≈≈≈≈≈≈≈≈...≈..
.P≈≈≈≈≈≈≈≈≈≈≈≈≈≈≈≈...≈.#
.≈≈≈≈≈≈≈≈≈≈≈≈≈≈≈≈≈.....#
≈≈≈≈≈≈≈≈≈≈≈≈≈≈≈≈≈≈≈≈≈≈..
≈≈≈≈≈≈≈≈≈≈≈≈≈≈≈≈≈≈≈≈


You could see a merfolk impaler, 4 merfolk, a manticore and a water nymph.

Vanquished Creatures
  A deep elf master archer (Elf:3)
  A deep elf blademaster (Elf:3)
  An Ice Fiend (IceCv)
  Polyphemus (Shoals:2)
  10 nagarajas
  Donald (Elf:3)
  Kirke (Lair:6)
  6 deep elf sorcerers
  Aizul (Snake:3)
  An orc warlord (Orc:2)
  Louise (Elf:3)
  5 deep elf elementalists
  6 deep elf demonologists
  The ghost of kiturien the Peltast, a journeyman MiFi of Wu Jian (Elf:1)
  14 deep elf annihilators
  A merfolk javelineer (Shoals:2)
  3 deep elf death magi (Elf:3)
  2 fire dragons (D:15)
  2 merfolk impalers
  Erolcha (D:10)
  11 naga warriors
  A minotaur (Lab)
  A rakshasa (D:15)
  6 deep elf high priests (Elf:3)
  4 catoblepae
  A centaur warrior (D:13)
  6 merfolk avatars
  9 anacondas
  4 hydras
  10 two-headed ogres
  A merfolk aquamancer (Shoals:2)
  An alligator snapping turtle (Shoals:3)
  5 orc high priests
  An ogre mage (D:13)
  7 naga sharpshooters
  11 death yaks
  2 tengu warriors
  Nergalle (D:11)
  11 shock serpents
  A fire crab (shapeshifter) (D:14)
  12 deep elf knights
  A skeletal warrior (D:13)
  3 fire crabs
  7 naga ritualists
  5 salamander mystics
  6 sea snakes
  3 unseen horrors
  A swamp dragon (shapeshifter) (Elf:3)
  12 deep elf archers
  8 harpies (Shoals:2)
  3 orc knights (Orc:2)
  6 mana vipers
  3 orc sorcerers (Orc:2)
  44 deep elf magi
  8 fauns
  14 ugly things
  The ghost of darxusza the Ruffian, a novice TrMo of Makhleb (D:5)
  8 salamanders
  5 manticores
  Joseph (Lair:1)
  4 cyclopes
  Maurice (D:13)
  2 merfolk sirens
  12 guardian serpents
  12 elephants
  4 torpor snails (Lair:5)
  6 gargoyles
  13 naga magi
  An ice statue (IceCv)
  24 black mambas
  20 spiny frogs
  5 freezing wraiths
  A yaktaur (D:15)
  5 centaur skeletons
  A kobold demonologist (D:15)
  8 komodo dragons
  4 ice devils (IceCv)
  An anaconda simulacrum (IceCv)
  A golden dragon simulacrum (IceCv)
  A guardian mummy (D:14)
  A tengu conjurer (D:14)
  18 merfolk
  2 hornets
  A wind drake (Shoals:1)
  5 trolls
  3 tyrant leeches (Lair:6)
  5 slime creatures (D:14)
  A wolf spider simulacrum (IceCv)
  A harpy skeleton (D:14)
  22 blink frogs
  8 dream sheep
  10 hippogriffs
  5 snapping turtles
  2 air elementals
  A shadow (D:15)
  30 yaks
  A wyvern (D:13)
  4 dire elephant simulacra (IceCv)
  A wraith (D:11)
  7 water elementals
  A hungry ghost (D:10)
  Grum (D:10)
  2 basilisks
  3 hogs (Lair:6)
  5 fire bats
  8 vampire mosquitoes
  68 nagas
  A death yak simulacrum (IceCv)
  3 harpy simulacra (IceCv)
  A warg (Orc:1)
  2 iron troll simulacra (IceCv)
  Edmund (D:6)
  3 hydra simulacra (IceCv)
  An acid dragon (D:13)
  5 water moccasins
  7 porcupines
  A meliai simulacrum (D:15)
  An ettin simulacrum (IceCv)
  20 orc warriors
  6 ice beasts
  3 sky beasts
  3 phantoms
  2 black bears
  A necrophage (D:8)
  9 wolves
  A boggart (D:12)
  13 ogres
  9 centaurs
  4 crocodiles
  7 big kobolds
  25 bullfrogs
  A gnoll sergeant (D:9)
  3 earth elementals
  A wyvern skeleton (D:13)
  4 scorpions
  6 killer bees
  11 wights
  5 electric eels
  7 howler monkeys
  A lava snake (Lair:5)
  A bullfrog zombie (D:8)
  5 crimson imps
  14 hounds
  A quasit (D:9)
  5 centaur zombies
  3 draconian simulacra (IceCv)
  22 orc priests
  4 jellies
  3 bullfrog skeletons
  23 orc wizards
  6 iguanas
  A polar bear simulacrum (IceCv)
  7 hell rats
  A troll simulacrum (IceCv)
  13 worker ants
  A wolf simulacrum (IceCv)
  A centaur simulacrum (IceCv)
  A hound zombie (D:6)
  5 hound skeletons
  A worker ant zombie (D:7)
  7 gnolls
  3 ogre simulacra (IceCv)
  15 adders
  5 naga simulacra (IceCv)
  10 river rats (Lair:4)
  A shadow imp (D:9)
  7 white imps (IceCv)
  7 ufetubi (IceCv)
  3 worms
  A dart slug (D:3)
  6 leopard geckos
  67 orcs
  10 giant cockroaches
  10 goblins
  8 hobgoblins
  17 jackals
  22 kobolds
  4 quokkas
  8 bats
  5 frilled lizards
  A jackal zombie (D:7)
  A leopard gecko skeleton (D:5)
  7 rats
  3 plants
1161 creatures vanquished.

Vanquished Creatures (collateral kills)
  A naga ritualist (Snake:4)
  2 fauns (Shoals:2)
  A manticore (Shoals:2)
  A merfolk siren (Shoals:2)
  A merfolk (Shoals:2)
  A naga (Snake:4)
  A fungus (Lair:6)
8 creatures vanquished.

Vanquished Creatures (others)
  A deep elf demonologist (Elf:3)
  2 deep elf knights (Elf:1)
  A black mamba (Snake:4)
  A human (Lair:6)
  13 dancing weapons
  An orc wizard (D:5)
  A white imp (IceCv)
  2 ufetubi (IceCv)
  An orc (D:7)
  A bush (Elf:1)
  27 fungi (Lair:6)
  66 plants
117 creatures vanquished.

Grand Total: 1286 creatures vanquished

Notes
Turn   | Place    | Note
-------+----------+-------------------------------------------
     0 | D:1      | Manul the Demonspawn Monk began the quest for the Orb.
     0 | D:1      | Reached XP level 1. HP: 18/18 MP: 1/1
   242 | D:1      | Reached skill level 3 in Unarmed Combat
   242 | D:1      | Gained mutation: When hurt, damage is shared between your health and your magic reserves. [demonic ancestry]
   242 | D:1      | Reached XP level 2. HP: 24/24 MP: 2/2
   863 | D:2      | Reached XP level 3. HP: 21/29 MP: 3/3
  1633 | D:2      | Gained mutation: You regenerate magic rapidly. [demonic ancestry]
  1633 | D:2      | Reached XP level 4. HP: 26/35 MP: 4/4
  2254 | D:2      | Found an ornate altar of the Wu Jian Council.
  2300 | D:3      | Reached skill level 1 in Armour
  2361 | D:3      | Reached skill level 4 in Unarmed Combat
  2447 | D:3      | Gained mutation: Your flesh is cold resistant. (rC+) [demonic ancestry]
  2447 | D:3      | Reached XP level 5. HP: 30/41 MP: 5/5
  3389 | D:4      | Found a staircase to the Ecumenical Temple.
  3412 | Temple   | Entered the Ecumenical Temple
  3430 | Temple   | Became a worshipper of Gozag Ym Sagoz the Greedy
  3453 | Temple   | Gained mutation: You have sharp toenails. [demonic ancestry]
  3453 | Temple   | Reached XP level 6. HP: 40/47 MP: 6/6
  3607 | D:4      | Reached skill level 5 in Unarmed Combat
  4657 | D:4      | Gained mutation: You are partially covered in iridescent scales. (AC +2) [demonic ancestry]
  4657 | D:4      | Reached XP level 7. HP: 49/53 MP: 7/7
  5180 | D:5      | Entered Level 5 of the Dungeon
  5400 | D:5      | Noticed darxusza's ghost (novice TrMo)
  5455 | D:5      | Killed darxusza's ghost
  5455 | D:5      | Reached skill level 6 in Unarmed Combat
  5606 | D:5      | Reached XP level 8. HP: 44/60 MP: 8/8
  5645 | D:5      | Found an iron altar of Okawaru.
  5708 | D:5      | Reached skill level 7 in Unarmed Combat
  5927 | D:5      | Found a snail-covered altar of Cheibriados.
  6230 | D:6      | Found a white marble altar of Elyvilon.
  6286 | D:6      | Reached skill level 1 in Throwing
  6501 | D:6      | Noticed Edmund
  6575 | D:6      | Killed Edmund
  6676 | D:6      | Found a glowing golden altar of the Shining One.
  6755 | D:6      | Reached skill level 8 in Unarmed Combat
  7124 | D:6      | Gained mutation: You are mostly covered in iridescent scales. (AC +4) [demonic ancestry]
  7124 | D:6      | Reached XP level 9. HP: 49/65 MP: 9/9
  7769 | D:6      | Reached skill level 5 in Armour
  8232 | D:7      | Reached skill level 5 in Dodging
  8285 | D:7      | Reached skill level 9 in Unarmed Combat
  8939 | D:8      | Noticed a two-headed ogre
  8950 | D:8      | Noticed a death yak
  8952 | D:8      | Killed a two-headed ogre
  8952 | D:8      | Reached skill level 1 in Evocations
  9345 | D:8      | Reached XP level 10. HP: 71/73 MP: 10/10
  9346 | D:8      | Noticed a death yak
  9355 | D:7      | Reached skill level 10 in Unarmed Combat
  9474 | D:8      | Identified the Disquisition on Virous Feathers
  9595 | D:9      | Noticed a two-headed ogre
  9596 | D:9      | Noticed a two-headed ogre
  9631 | D:10     | Entered Level 10 of the Dungeon
  9634 | D:10     | Noticed Grum
  9642 | D:10     | Reached skill level 5 in Fighting
  9655 | D:10     | Killed Grum
  9685 | D:10     | Killed an unseen horror
  9831 | D:10     | Noticed a two-headed ogre
  9859 | D:10     | Reached skill level 11 in Unarmed Combat
  9949 | D:10     | Noticed a cyclops
  9949 | D:10     | a two-headed ogre changed into a cyclops
 10288 | D:9      | Identified a scroll of acquirement
 10289 | D:9      | Found the +0 mask of the Dragon {MR+ Slay+3 SInv}
 10375 | D:9      | Killed a two-headed ogre
 10420 | D:9      | Found Zin's Purification Station.
 10420 | D:9      | Found a glowing silver altar of Zin.
 10581 | D:9      | Found a radiant altar of Vehumet.
 10598 | D:9      | Got an iridescent long sword
 10599 | D:9      | Identified the +8 long sword "Qudwud" {flame, *Corrode rN+ Int+4} (You found it on level 9 of the Dungeon)
 10716 | D:8      | Noticed a death yak
 10717 | D:8      | Noticed a death yak
 10721 | D:8      | Noticed a death yak
 10723 | D:8      | Noticed a two-headed ogre
 10903 | D:9      | Killed a two-headed ogre
 10903 | D:9      | Gained mutation: You have razor-sharp toenails. [demonic ancestry]
 10903 | D:9      | Reached XP level 11. HP: 10/80 MP: 3/11
 11524 | D:10     | Found a staircase to the Orcish Mines.
 11679 | D:10     | Noticed Erolcha
 11875 | D:10     | Killed Erolcha
 11875 | D:10     | Reached skill level 12 in Unarmed Combat
 11889 | D:10     | Bought a bread ration for 65 gold pieces
 11889 | D:10     | Bought a royal jelly for 26 gold pieces
 11889 | D:10     | Bought a bread ration for 65 gold pieces
 11889 | D:10     | Bought a meat ration for 65 gold pieces
 11889 | D:10     | Bought a meat ration for 65 gold pieces
 12050 | D:10     | Found a sparkling altar of Nemelex Xobeh.
 12593 | D:11     | Noticed Nergalle
 12617 | D:11     | Killed Nergalle
 13456 | D:11     | Upgraded the game from 0.21-a0-421-gfc1ce30 to 0.21-a0-426-g98080a9
 13825 | D:12     | Reached skill level 13 in Unarmed Combat
 13844 | D:12     | Noticed a two-headed ogre
 13857 | D:12     | Killed a two-headed ogre
 14047 | D:12     | Noticed a two-headed ogre
 14052 | D:12     | Noticed Frances
 14395 | Orc:1    | Entered Level 1 of the Orcish Mines
 14838 | Orc:2    | Entered Level 2 of the Orcish Mines
 14900 | Orc:2    | Reached XP level 12. HP: 69/88 MP: 12/12
 14939 | Orc:2    | Found a staircase to the Elven Halls.
 15026 | Orc:2    | Noticed an orc high priest
 15376 | Orc:2    | Killed an orc high priest
 15811 | Orc:2    | Noticed an orc warlord
 16986 | D:8      | Paralysed by a hornet for 3 turns
 16994 | D:8      | Killed a two-headed ogre
 17153 | D:8      | Bought an ichor-stained robe for 136 gold pieces
 17163 | D:8      | Identified the +0 robe "Bonaff" {Regen+} (You bought it in a shop on level 8 of the Dungeon)
 17163 | D:8      | Bought the +4 robe of Augmentation {Str+4 Int+4 Dex+4} for 1269 gold pieces
 17163 | D:8      | Found the +4 robe of Augmentation {Str+4 Int+4 Dex+4}
 17247 | D:8      | Noticed a death yak
 17265 | D:8      | Killed a death yak
 17286 | D:8      | Killed a death yak
 17286 | D:8      | Reached skill level 14 in Unarmed Combat
 17311 | D:7      | Killed a death yak
 17629 | D:7      | Killed a death yak
 17887 | D:8      | Found a staircase to the Lair.
 17926 | D:8      | Found a radiant altar of Vehumet.
 18107 | Lair:1   | Entered Level 1 of the Lair of Beasts
 18611 | Lair:1   | Noticed Joseph
 18624 | Lair:1   | Killed Joseph
 18624 | Lair:1   | Reached skill level 1 in Spellcasting
 18867 | Lair:1   | Noticed a six-headed hydra
 18879 | Lair:1   | Killed a six-headed hydra
 19043 | Lair:1   | Learned a level 1 spell: Confusing Touch
 20360 | Lair:3   | Found a staircase to the Shoals.
 20445 | Lair:3   | Found a staircase to the Snake Pit.
 20620 | Lair:3   | Reached XP level 13. HP: 76/95 MP: 15/15
 20706 | Lair:3   | Learned a level 3 spell: Confuse
 20796 | Lair:3   | Learned a level 3 spell: Tukima's Dance
 21453 | Lair:4   | Reached skill level 1 in Hexes
 21544 | Lair:4   | Found a labyrinth entrance.
 21560 | Lab      | Entered a labyrinth
 21632 | Lab      | Reached skill level 15 in Unarmed Combat
 22040 | Lab      | Noticed a minotaur
 22046 | Lab      | Killed a minotaur
 22048 | Lab      | Found the +0 sword of Power
 23630 | Lair:5   | Upgraded the game from 0.21-a0-426-g98080a9 to 0.21-a0-434-g806c6c2
 23635 | Lair:6   | Entered Level 6 of the Lair of Beasts
 24422 | Lair:6   | Noticed Kirke
 24479 | Lair:6   | HP: 4/95 [blink frog (12)]
 25199 | D:13     | Noticed Maurice
 25207 | D:13     | Killed Maurice
 25768 | D:13     | Reached skill level 16 in Unarmed Combat
 25830 | D:12     | Gained mutation: You are completely covered in iridescent scales. (AC +6) [demonic ancestry]
 25830 | D:12     | Reached XP level 14. HP: 72/103 MP: 18/21
 26115 | Orc:2    | Killed an orc warlord
 26246 | Orc:2    | Gained mutation: You have a pair of small horns on your head. [a neqoxec]
 26590 | Orc:2    | Reached skill level 5 in Spellcasting
 26783 | Orc:2    | Found Voniosh's Distillery.
 26858 | Orc:2    | Bought a potion of invisibility for 136 gold pieces
 26858 | Orc:2    | Bought a potion of curing for 51 gold pieces
 27085 | Orc:2    | Found Buapuec's General Store.
 27086 | Orc:2    | Found Peunwev's Book Shoppe.
 27087 | Orc:2    | Found Siotupsait's Antique Armour Emporium.
 27087 | Orc:2    | Found Joghu's Antique Weapon Emporium.
 28030 | Lair:5   | Learned a level 5 spell: Silence
 28060 | Lair:5   | Reached skill level 5 in Hexes
 28186 | Lair:5   | Found a snail-covered altar of Cheibriados.
 28282 | Lair:5   | Found a viscous altar of Jiyva.
 28282 | Lair:5   | Found a staircase to the Slime Pits.
 28723 | Lair:5   | Upgraded the game from 0.21-a0-434-g806c6c2 to 0.21-a0-440-g28109cb
 28886 | Lair:5   | Learned a level 3 spell: Lesser Beckoning
 28888 | Lair:5   | Learned a level 1 spell: Apportation
 30197 | Lair:6   | Found a sparkling altar of Nemelex Xobeh.
 30336 | Lair:6   | Killed Kirke
 31221 | D:13     | Reached skill level 5 in Evocations
 31242 | D:13     | Reached skill level 17 in Unarmed Combat
 31325 | D:13     | Lost mutation: You have a pair of small horns on your head. [potion of mutation]
 31325 | D:13     | Gained mutation: You are agile. (Dex +2) [potion of mutation]
 31325 | D:13     | Gained mutation: You have a pair of small horns on your head. [potion of mutation]
 31325 | D:13     | Gained mutation: Your natural rate of healing is unusually fast. [potion of mutation]
 31325 | D:13     | Gained mutation: You have a pair of horns on your head. [potion of mutation]
 31391 | D:13     | Found a gate to the Vaults.
 31524 | D:14     | Reached XP level 15. HP: 108/108 MP: 24/24
 31763 | D:13     | Bought the amulet "Usudueh" {Reflect rF++ MR+ Slay+2 SH+5} for 1275 gold pieces
 31961 | D:14     | Found a portal to a secret trove of treasure.
 32507 | D:15     | Entered Level 15 of the Dungeon
 32519 | D:15     | Found Ceis's Antique Armour Boutique.
 32525 | D:15     | Bought a spiked scarf for 340 gold pieces
 32525 | D:15     | Identified the scarf of Inference {rC+ rN+ Dex+4} (You bought it in a shop on level 15 of the Dungeon)
 33198 | D:15     | Found a staircase to the Depths.
 33440 | D:13     | Learned a level 6 spell: Invisibility
 33625 | Snake:1  | Entered Level 1 of the Snake Pit
 34217 | Snake:1  | Reached skill level 18 in Unarmed Combat
 34968 | Elf:1    | Entered Level 1 of the Elven Halls
 35025 | Orc:2    | Bought a scroll of fear for 59 gold pieces
 35468 | Elf:1    | Upgraded the game from 0.21-a0-440-g28109cb to 0.21-a0-442-g848f44b
 35730 | Elf:1    | Noticed a deep elf sorcerer
 35748 | Elf:1    | Killed a deep elf sorcerer
 35748 | Elf:1    | Reached XP level 16. HP: 110/115 MP: 22/25
 35882 | Elf:1    | Reached skill level 10 in Dodging
 36125 | Elf:1    | Noticed kiturien's ghost (journeyman MiFi)
 36146 | Elf:1    | Killed kiturien's ghost
 36888 | Elf:2    | Found Xytattiest's Book Shop.
 36945 | Elf:2    | Found Onturch's Distillery.
 37050 | Elf:2    | Bought 2 potions of curing for 120 gold pieces
 37050 | Elf:2    | Bought a potion of curing for 60 gold pieces
 37050 | Elf:2    | Bought a potion of curing for 60 gold pieces
 37050 | Elf:2    | Bought a potion of heal wounds for 100 gold pieces
 37050 | Elf:2    | Bought a potion of curing for 60 gold pieces
 37050 | Elf:2    | Bought a potion of heal wounds for 100 gold pieces
 37133 | Elf:2    | Learned a level 3 spell: Dazzling Spray
 37144 | Elf:2    | Noticed an Ice Fiend
 37147 | Elf:2    | Noticed a Brimstone Fiend
 37365 | Elf:2    | Found a runed door.
 37390 | Elf:2    | Found a runed door.
 37499 | Elf:3    | Entered Level 3 of the Elven Halls
 37499 | Elf:3    | Noticed Donald
 37697 | Elf:3    | Killed Donald
 37779 | Elf:3    | Reached skill level 19 in Unarmed Combat
 38032 | Elf:3    | Noticed Louise
 38109 | Elf:3    | Noticed a Tzitzimitl
 38132 | Elf:3    | Gained mutation: You are frail. (-10% HP) [a neqoxec]
 38205 | Elf:3    | Found Eceivix's Food Boutique.
 38208 | Elf:3    | Bought a meat ration for 60 gold pieces
 38208 | Elf:3    | Bought a bread ration for 60 gold pieces
 38208 | Elf:3    | Bought a bread ration for 60 gold pieces
 38208 | Elf:3    | Bought a bread ration for 60 gold pieces
 38254 | Elf:3    | Noticed Asterion
 38818 | Elf:3    | Killed Louise
 38873 | Elf:3    | Noticed a deep elf blademaster
 39022 | Elf:3    | Gained mutation: You resist negative energy. (rN+) [demonic ancestry]
 39022 | Elf:3    | Reached XP level 17. HP: 105/112 MP: 24/27
 39102 | Elf:3    | Noticed a deep elf master archer
 39195 | Elf:3    | Reached skill level 10 in Hexes
 39793 | Elf:3    | Killed a deep elf blademaster
 40270 | Elf:3    | Got a heavily runed ruby amulet
 40636 | Elf:3    | Got a bloodstained dagger {freeze}
 40765 | Elf:3    | Found the -2 mace of Variability {chaos}
 40802 | Elf:3    | Identified the Incunabulum of Freezing Envenoming
 40870 | Elf:3    | Killed a deep elf master archer
 41450 | Shoals:1 | Entered Level 1 of the Shoals
 41464 | Shoals:1 | Found a frozen archway.
 41556 | IceCv    | Entered an ice cave
 42315 | IceCv    | Noticed an Ice Fiend
 42323 | IceCv    | Killed an Ice Fiend
 43039 | Snake:1  | Reached skill level 10 in Fighting
 43140 | Snake:2  | Identified the amulet of Dirph {Reflect rElec MR+ Str+2 SH+5} (You took it off a deep elf mage on level 3 of the Elven Halls)
 43609 | Snake:2  | Lost mutation: Your natural rate of healing is unusually fast. [potion of mutation]
 43609 | Snake:2  | Lost mutation: You are frail. (-10% HP) [potion of mutation]
 43609 | Snake:2  | Lost mutation: You have a pair of horns on your head. [potion of mutation]
 43609 | Snake:2  | Lost mutation: You are agile. (Dex +2) [potion of mutation]
 43609 | Snake:2  | Gained mutation: Your spells are a little harder to cast, but a little more powerful. [potion of mutation]
 43609 | Snake:2  | Gained mutation: You evolve. [potion of mutation]
 44108 | Snake:3  | Gained mutation: Your flesh is very cold resistant. (rC++) [evolution]
 44206 | Snake:3  | Gained mutation: You are somewhat able to resist unholy torments (1 in 2 success). [demonic ancestry]
 44206 | Snake:3  | Reached XP level 18. HP: 131/135 MP: 30/30
 45387 | Snake:3  | Noticed Aizul
 45396 | Snake:3  | Learned a level 5 spell: Metabolic Englaciation
 45398 | Snake:3  | Learned a level 1 spell: Infusion
 45421 | Snake:3  | Killed Aizul
 46179 | Snake:3  | Reached skill level 20 in Unarmed Combat
 46700 | Snake:4  | Entered Level 4 of the Snake Pit
 47249 | Snake:4  | Noticed Roxanne
 50688 | Snake:4  | Got a serpentine rune of Zot
 51194 | Snake:3  | Bought a scroll of summoning for 123 gold pieces
 51293 | Lair:3   | Upgraded the game from 0.21-a0-442-g848f44b to 0.21-a0-504-g2eda330
 51446 | Shoals:1 | Gained mutation: You expend magic power (3 MP) to strengthen your wands. [mutagenic glow]
 51979 | Shoals:2 | Reached XP level 19. HP: 137/144 MP: 30/32
 52257 | Shoals:2 | Noticed Polyphemus
 52970 | Shoals:2 | Killed Polyphemus
 53408 | Shoals:3 | Reached skill level 21 in Unarmed Combat
 53467 | Shoals:3 | Found Jauj's Jewellery Shop.
 53484 | Shoals:3 | Bought the amulet of the Four Winds {rN+ MR+++ Clar} for 614 gold pieces
 53484 | Shoals:3 | Found the amulet of the Four Winds {rN+ MR+++ Clar}
 53580 | Shoals:3 | Gained mutation: You occasionally shout uncontrollably at your foes. [evolution]
 53932 | Shoals:3 | Mangled by a merfolk

Vault maps used:
D:1:      sevenhm_arrival_forest_fort_large_4
D:2:      lemuel_upstairs_altar, hangedman_decor_riveting
D:4:      minmay_temple_entry_crystal_x, first_bread, serial_park_tiny_pond
D:5:      marbit_many_paths, okawaru_ov_weapons_minmay,
          kennysheep_decorative_pillar
D:6:      overflow_temple_1_default, old_standard_altar,
          hangedman_decor_diamond_cutter, uniq_edmund
D:8:      dpeg_lair_monsters, basic_altar, blue_anna_alchemist
D:9:      vehumet_statue, zin_purify
D:10:     orc_0_dummy, minmay_misc_feat_four_crosses, nemelex_altar_shiori,
          uniq_grum, uniq_erolcha
D:11:     uniq_nergalle
D:12:     uniq_frances
D:13:     hangedman_vaults_entry_quadrant_bands, uniq_maurice
D:14:     corexii_corridor_pit, nicolae_trove_entry_path_of_doom
D:15:     grunt_enter_depths_hoard, nicolae_wwwww, serial_shops, shop
Temple:   eino_temple_rhombus
Lair:1:   minmay_holes, infiniplex_staircase_pool_2, uniq_joseph
Lair:2:   serial_bayou_pond_d, serial_bayou_shore_b, lemuel_fruit_fields
Lair:3:   minmay_shoals_entry_beasts, guppyfry_snake_entry_island,
          grunt_megastairs_5
Lair:4:   lab_entry_generic, kennysheep_rathole
Lair:5:   dpeg_slime_entry_enclosed_altar, kennysheep_snail_temple
Lair:6:   minmay_lair_end_frog_pond, basic_altar, fungi_pond_lemuel,
          nicolae_quartered_pool_super, uniq_kirke
Shoals:1: portal_ice_cave_entry_pillars_2, hangedman_shoal_volcano
Shoals:2: uniq_polyphemus
Shoals:3: serial_shops, nicolae_shop_stone
Snake:2:  basic_stair_grate_trap
Snake:3:  nicolae_aizul_guard, grunt_ministairs_7
Snake:4:  johnstein_snake_rune_scales, grunt_ministairs_9, grunt_megastairs_2,
          uniq_roxanne
Orc:2:    st_orc_congregation, serial_shops, shop
Elf:1:    elf_arrival_002, minivault_28, hangedman_elf_represent
Elf:2:    serial_shops, shop, shop
Elf:3:    minmay_elf_hall_curves, serial_shops, shop, uniq_asterion,
          uniq_donald, uniq_louise
Lab:      labyrinth_watery, lab_block, lab_statue, nicolae_lab_stuck,
          nicolae_lab_plus, nicolae_lab_garden, nicolae_lab_arrow,
          nicolae_lab_statue, nicolae_lab_very_dead_end, labyrinth_glass_1,
          labyrinth_skeletal_remains, nicolae_lab_hexagon, labyrinth_glass_2
IceCv:    ice_cave_caverns_02

Skill      XL: |  1  2  3  4  5  6  7  8  9 10 11 12 13 14 15 16 17 18 19 |
---------------+----------------------------------------------------------+-----
Unarmed Combat | 3 4 5 6 8 9 11 13 14 16 17 18 19 20 21 | 21.0
Stealth        | 2 3 |  3.3
Dodging        | 3 4 5 6 7 8 9 10 11 12 | 12.3
Armour         | 1 3 4 5 7 8 9 |  9.7
Fighting       | 4 5 6 7 9 10 11 | 11.8
Throwing       | 1 2 |  2.3
Evocations     | 1 2 5 |  5.1
Spellcasting   | 1 4 6 7 8 9 |  9.9
Hexes          | 4 6 8 9 11 | 11.8
Long Blades    | |  0.2
Conjurations   | |  0.3
Charms         | |  0.5

Action                   |  1- 3 |  4- 6 |  7- 9 | 10-12 | 13-15 | 16-18 | 19-21 || total
-------------------------+-------+-------+-------+-------+-------+-------+-------++-------
Melee: Unarmed           |   224 |   271 |   448 |   883 |  1136 |  1139 |   139 ||  4240
       Punch             |     4 |     2 |    21 |    60 |   140 |   181 |    21 ||   429
       Kick              |       |    27 |   132 |   319 |   629 |   710 |    78 ||  1895
       Long sword        |       |       |       |     6 |       |       |       ||     6
       Headbutt          |       |       |       |       |   251 |   443 |    45 ||   739
 Fire: Blowgun           |       |       |     8 |     8 |       |       |       ||    16
 Cast: Confusing Touch   |       |       |       |     2 |    41 |   135 |       ||   178
       Tukima's Dance    |       |       |       |       |     1 |     9 |       ||    10
       Confuse           |       |       |       |       |     1 |     1 |       ||     2
       Dazzling Spray    |       |       |       |       |       |     3 |       ||     3
       Invisibility      |       |       |       |       |       |    10 |     1 ||    11
       Infusion          |       |       |       |       |       |     2 |     2 ||     4
Invok: Call Merchant     |       |       |       |     2 |     1 |     1 |       ||     4
       Potion Petition   |       |       |       |       |     2 |     2 |     2 ||     6
Evoke: Wand              |       |     1 |     9 |     3 |    12 |     6 |     4 ||    35
       Box of beasts     |       |       |       |       |       |     3 |     1 ||     4
       Sack of spiders   |       |       |       |       |       |     2 |       ||     2
       Phial of floods   |       |       |       |       |       |     1 |       ||     1
  Use: Scroll            |     1 |     5 |     2 |    21 |    22 |    12 |     3 ||    66
       Potion            |       |     2 |     5 |     4 |    10 |    16 |     1 ||    38
 Stab: Sleeping          |     2 |     2 |     2 |     1 |    18 |    15 |     2 ||    42
       Distracted        |       |     1 |     1 |     5 |    13 |    10 |     3 ||    33
       Invisible         |       |       |     2 |     3 |       |    19 |     4 ||    28
       Fleeing           |       |       |       |     1 |       |       |       ||     1
       Confused          |       |       |       |       |    30 |    72 |       ||   102
       Paralysed         |       |       |       |       |     1 |       |       ||     1
       Petrifying        |       |       |       |       |       |       |     1 ||     1
  Eat: Chunk             |     2 |     5 |       |       |     1 |       |       ||     8
       Bread ration      |       |     1 |     1 |     4 |     9 |     6 |       ||    21
       Meat ration       |       |       |     1 |     3 |     2 |     6 |     1 ||    13
       Royal jelly       |       |       |     3 |     3 |       |       |       ||     6
       Fruit             |       |       |       |       |       |     1 |       ||     1
Armor: Robe              |    10 |       |       |    19 |   214 |   167 |    32 ||   442
       Ring mail         |    60 |   107 |   110 |       |       |       |       ||   277
       Chain mail        |     5 |       |    58 |   442 |       |       |       ||   505
Dodge: Dodged            |   143 |   190 |   283 |   419 |   751 |   788 |   166 ||  2740
Block: Other             |       |       |    43 |    57 |    80 |   179 |    28 ||   387
       Reflection        |       |       |     2 |       |     4 |    28 |     4 ||    38

Table legend:
 A = Spawn XP
 B = Non-spawn XP
 C = Spawn XP percentage of total XP
 D = Spawn monster count
 E = Non-spawn monster count
 F = Spawn count percentage of total count
 G = Total turns spent on level
                    A         B        C        D         E        F      G
               +---------+---------+-------+---------+---------+-------+---------
         Total |       0 |  404560 |   0.0 |       0 |    1181 |   0.0 | 53932
               +---------+---------+-------+---------+---------+-------+---------
           D:1 |       0 |      34 |   0.0 |       0 |      21 |   0.0 |   823
           D:2 |       0 |      94 |   0.0 |       0 |      30 |   0.0 |  1326
           D:3 |       0 |      86 |   0.0 |       0 |      20 |   0.0 |  1228
           D:4 |       0 |     497 |   0.0 |       0 |      24 |   0.0 |  1526
           D:5 |       0 |    1287 |   0.0 |       0 |      21 |   0.0 |   912
           D:6 |       0 |    1418 |   0.0 |       0 |      31 |   0.0 |  1943
           D:7 |       0 |    2515 |   0.0 |       0 |      22 |   0.0 |  1677
           D:8 |       0 |    5499 |   0.0 |       0 |      39 |   0.0 |   976
           D:9 |       0 |    2705 |   0.0 |       0 |      33 |   0.0 |  1626
          D:10 |       0 |    5825 |   0.0 |       0 |      37 |   0.0 |  1668
          D:11 |       0 |    4995 |   0.0 |       0 |      30 |   0.0 |  2182
          D:12 |       0 |    3929 |   0.0 |       0 |      19 |   0.0 |  1269
          D:13 |       0 |    9248 |   0.0 |       0 |      29 |   0.0 |  1321
          D:14 |       0 |   14474 |   0.0 |       0 |      43 |   0.0 |   963
          D:15 |       0 |    9045 |   0.0 |       0 |      15 |   0.0 |   766
        Temple |       0 |      46 |   0.0 |       0 |       2 |   0.0 |   390
        Lair:1 |       0 |    3392 |   0.0 |       0 |      12 |   0.0 |  1242
        Lair:2 |       0 |    1131 |   0.0 |       0 |       4 |   0.0 |   848
        Lair:3 |       0 |    4594 |   0.0 |       0 |      19 |   0.0 |  1547
        Lair:4 |       0 |    6571 |   0.0 |       0 |      35 |   0.0 |  1950
        Lair:5 |       0 |   10912 |   0.0 |       0 |      40 |   0.0 |  1250
        Lair:6 |       0 |   22657 |   0.0 |       0 |      73 |   0.0 |  2952
      Shoals:1 |       0 |   14640 |   0.0 |       0 |      28 |   0.0 |  1053
      Shoals:2 |       0 |   26973 |   0.0 |       0 |      49 |   0.0 |  1341
      Shoals:3 |       0 |    6584 |   0.0 |       0 |      16 |   0.0 |   560
       Snake:1 |       0 |   14622 |   0.0 |       0 |      31 |   0.0 |  1531
       Snake:2 |       0 |   12280 |   0.0 |       0 |      25 |   0.0 |  1067
       Snake:3 |       0 |   24535 |   0.0 |       0 |      40 |   0.0 |  3884
       Snake:4 |       0 |   50915 |   0.0 |       0 |      96 |   0.0 |  3247
         Orc:1 |       0 |    1569 |   0.0 |       0 |      23 |   0.0 |  1699
         Orc:2 |       0 |   11351 |   0.0 |       0 |      71 |   0.0 |  1675
         Elf:1 |       0 |   32685 |   0.0 |       0 |      55 |   0.0 |  1945
         Elf:2 |       0 |   11777 |   0.0 |       0 |      17 |   0.0 |   613
         Elf:3 |       0 |   73105 |   0.0 |       0 |      70 |   0.0 |  3452
           Lab |       0 |    2726 |   0.0 |       0 |       5 |   0.0 |   503
         IceCv |       0 |    9844 |   0.0 |       0 |      56 |   0.0 |   977
               +---------+---------+-------+---------+---------+-------+---------
